 Dungeon Crawl Stone Soup version 0.18-a0-1784-ga939a68 (webtiles) character file.

117 Oddball22 the Vexing (level 4, 0/55 HPs)
             Began as a Demigod Arcane Marksman on Apr 19, 2016.
             Slain by a giant gecko (3 damage)
             ... on level 3 of the Dungeon.
             The game lasted 00:34:22 (3675 turns).

Oddball22 the Vexing (Demigod Arcane Marksman)      Turns: 3675, Time: 00:34:23

Health: 0/55       AC: 22    Str: 14    XL:     4   Next: 44%
Magic:  9/9        EV:  2    Int: 17    God:
Gold:   114        SH:  0    Dex: 17    Spells: 2 memorised, 3 levels left

rFire  . . .     SeeInvis .     q - +0 flail (drain)
rCold  . . .     Gourm    .     (armour currently unavailable)
rNeg   + + +     Faith    .     (no shield)
rPois  +         Spirit   .     (helmet currently unavailable)
rElec  .         Dismiss  .     (cloak currently unavailable)
rCorr  .         Reflect  .     (gloves currently unavailable)
SustAt +         Harm     .     (boots currently unavailable)
MR     .....     NoTele   +     (no amulet)
Stlth  ++........               (no ring)
                                (no ring)

@: tree-form (expiring), not resistant to hostile enchantments, unstealthy
A: high mp 1, sustain attributes
a: no special abilities


You were on level 3 of the Dungeon.
You were not hungry.
You were a tree.
You visited 1 branch of the dungeon, and saw 3 of its levels.

You collected 114 gold pieces.

Inventory:

Hand Weapons
 a - a +0 hand crossbow
 j - a +5 trident
 n - a +0 dagger
 q - a +0 flail of draining (weapon)
Missiles
 d - 25 bolts
Armour
 b - a +0 robe (melded)
 i - a +0 cloak (melded)
 t - a +1 hat
Scrolls
 e - a scroll of fear
 h - 3 scrolls of remove curse {unknown}
 k - a scroll of teleportation
 o - a scroll of identify {unknown}
 s - a scroll of immolation {unknown}
Potions
 p - a potion of magic {unknown}
Books
 c - a book of Debilitation

   Spells                             Type                      Level
   a - Corona                         Hexes                        1
   b - Slow                           Hexes                        2
   c - Gell's Gravitas                Hexes/Translocation          3
   d - Inner Flame                    Hexes/Fire                   3
   e - Cause Fear                     Hexes                        4
   f - Leda's Liquefaction            Hexes/Earth                  4
Comestibles
 f - 3 bread rations
 g - 3 chunks of flesh
 r - 2 meat rations


   Skills:
 * Level 2.6 Fighting
 + Level 2.5 Crossbows
 + Level 2.5 Dodging
 + Level 1.7 Spellcasting
 - Level 2.6 Hexes


You had 3 spell levels left.
You knew the following spells:

 Your Spells              Type           Power        Failure   Level  Hunger
a - Corona                Hex            ##.....      10%         1    ##.....
b - Slow                  Hex            ##......     12%         2    ###....


Dungeon Overview and Level Annotations

Branches:
Dungeon (3/15)

Annotations:
D:3 Sigmund


Innate Abilities, Weirdness & Mutations

You have an increased reservoir of magic (+10% MP).
Your attributes are resistant to harm.


Message History

* * * LOW HITPOINT WARNING * * *
The giant gecko bites you but does no damage.
You closely miss the giant gecko.
The giant gecko is lightly wounded.
A magic dart appears from out of thin air!
The magic dart hits you! The giant gecko bites you.
* * * LOW HITPOINT WARNING * * *
You hit the giant gecko but do no damage.
The giant gecko is lightly wounded.
The giant gecko bites you but does no damage.
Something hits you but does no damage.
The giant gecko bites you but does no damage.
Unknown command.
You barely miss the giant gecko.
The giant gecko is lightly wounded.
Your transformation is almost over.
Something hits you.
* * * LOW HITPOINT WARNING * * *
The giant gecko bites you.
You die...

*,* ***,,,,,............*##..#
,** ****,,,,,,,...........#* ##.#
** *,,,,,,,,,,..#.#.####..###...
* *,,,,#,,***#.#.#.# #.#.#.###
*****,,,,..,** #.#.#.####.##.....
**,,,,,,,....###.................
**,,,,,,,..l.g...{...####.##.###.
**,,,,,,,.....,#)#.#** #.##)####
,,,*,,,,,...(..#♣#(######.#......
**,,,,,,,...(.†l(.)(....(.##.####
,,,,,,,,,........#######..##.#
**,***,,*#...#####*****#..##.#
**,* *,,*###**,,,,,,,,,...##.# #
**,* *,,******,*******.#####.# #
**,* *,,,,,,,,,** #.# #.# # **,*
*,,,,,,,..,* #.# #.# # **,*
**,*****#..* #.# #># #


You could see a giant gecko.

Vanquished Creatures
  Ijyb (D:3)
  An adder (D:3)
  2 oozes
  2 worms (D:2)
  A dart slug (D:2)
  2 giant geckos
  An orc (D:3)
  9 bats
  4 giant cockroaches (D:3)
  10 goblins
  6 hobgoblins
  6 jackals
  2 kobolds
  6 giant newts
  7 rats
60 creatures vanquished.

Notes
Turn   | Place    | Note
--------------------------------------------------------------
     0 | D:1      | Oddball22 the Demigod Arcane Marksman began the quest for the Orb.
     0 | D:1      | Reached XP level 1. HP: 15/15 MP: 4/4
    38 | D:1      | Reached skill level 1 in Fighting
   801 | D:1      | Reached XP level 2. HP: 12/23 MP: 5/5
  1005 | D:1      | Learned a level 2 spell: Slow
  2081 | D:2      | Reached XP level 3. HP: 27/29 MP: 7/7
  3632 | D:3      | Reached XP level 4. HP: 36/37 MP: 8/8
  3653 | D:3      | Noticed Ijyb
  3653 | D:3      | Noticed Sigmund
  3664 | D:3      | Killed Ijyb
  3675 | D:3      | Slain by a giant gecko

Vault maps used:
D:1:      minmay_arrival_four_circles, corexii_corridor_pit
D:2:      first_bread
D:3:      uniq_iyjb, uniq_sigmund

Skill      XL: |  1  2 |
---------------+-------+-----
Fighting       | 1 2 |  2.6
Crossbows      | 2 |  2.5
Dodging        | 2 |  2.5
Spellcasting   | |  1.7
Hexes          | |  2.6

Action                   |  1- 3 |  4- 6 || total
-------------------------+-------+-------++-------
Melee: Unarmed           |   120 |       ||   120
       Dagger            |   122 |       ||   122
       Flail             |       |    22 ||    22
 Fire: Hand crossbow     |    54 |     6 ||    60
 Cast: Corona            |    15 |       ||    15
  Use: Potion            |     1 |     2 ||     3
       Scroll            |     6 |       ||     6
 Stab: Sleeping          |     3 |       ||     3
  Eat: Chunk             |     8 |       ||     8
       Pizza             |     1 |       ||     1
Armor: Robe              |    73 |     7 ||    80
       Skin              |       |    13 ||    13
Dodge: Dodged            |   191 |    30 ||   221
